 Dungeon Crawl Stone Soup version 0.29.0-4-gdea44cf6ec (webtiles) character file.

Game seed: 7434502261676007216

41262 qw the Severer (level 14, -5/92 HPs)
             Began as a Gargoyle Fighter on Sept 8, 2022.
             Was an Elder of Okawaru.
             Slain by a skeletal warrior
             ... wielding a +0 dire flail
              (12 damage)
             ... on level 12 of the Dungeon.
             The game lasted 00:07:39 (19594 turns).

qw the Severer (Gargoyle Fighter)                  Turns: 19594, Time: 00:07:39

Health: -5/92      AC: 32    Str: 24    XL:     14   Next: 14%
Magic:  21/21      EV: 13    Int: 10    God:    Okawaru [****..]
Gold:   1332       SH:  6    Dex:  9    Spells: 13/13 levels left

rFire   . . .      SeeInvis +   Y - +3 broad axe
rCold   . . .      Faith    .   c - +0 buckler
rNeg    + . .      Spirit   .   m - +0 plate armour
rPois   inf        Reflect  .   g - +0 hat {SInv}
rElec   +          Harm     .   a - scarf {repulsion}
rCorr   .          Rampage  .   x - +2 pair of gloves {hurl}
Will    +....                   n - +0 pair of boots
Stlth   ..........              (no amulet)
HPRegen 0.25/turn               k - +4 ring of slaying {mikee}
MPRegen 0.17/turn               h - +4 ring of evasion

@: about to teleport, heroic, flying, repel missiles
A: sickness immunity, AC +10, big wings, negative energy resistance 1,
electricity resistance, torment resistance 1, petrification resistance
a: Renounce Religion, Heroism, Finesse


You were on level 12 of the Dungeon.
You worshipped Okawaru.
Okawaru was greatly pleased with you.
You visited 3 branches of the dungeon, and saw 18 of its levels.

You collected 1332 gold pieces.


Innate Abilities, Weirdness & Mutations

You are immune to sickness and miasma.
Your stone body is resilient. (AC +10)
You are immune to poison.
Your large and strong wings let you fly.
You resist negative energy. (rN+)
You are resistant to electric shocks. (rElec)
You are resistant to unholy torment.
You are immune to petrification.


   Skills:
 - Level 12.0(17.0) Fighting
 + Level 15.2(20.2) Axes
 - Level 1.3(6.3) Throwing
 - Level 10.0(15.0) Armour
 - Level 3.0(8.0) Dodging
 - Level 7.3(12.3) Shields
 - Level 10.0 Invocations


You had 13 spell levels left.
You didn't know any spells.
Your spell library was empty.

Inventory:

Hand Weapons
 p - a +0 morningstar
 Y - a +3 broad axe (weapon)
Armour
 a - a scarf of repulsion (worn)
 c - a +0 buckler (worn)
 g - a +0 hat of see invisible (worn)
 i - a +0 helmet
 m - a +0 plate armour (worn)
 n - a +0 pair of boots (worn)
 w - a +0 cloak
 x - a +2 pair of gloves of hurling (worn)
Jewellery
 f - the ring "Qijeshr Vuit" {rF- Str+6 Dex+5}
   (You found it on level 5 of the Dungeon)

   [ring of strength]

   Str:       It affects your strength (+6).
   Dex:       It affects your dexterity (+5).
   rF:        It makes you vulnerable to fire.
 h - a +4 ring of evasion (right hand)
 k - a +4 ring of slaying (left hand) {mikee}
Scrolls
 q - a scroll of blinking
 r - 5 scrolls of identify
 s - a scroll of teleportation
Potions
 b - 6 potions of haste
 d - a potion of might
 e - a potion of lignification
 j - 10 potions of curing
 l - 4 potions of attraction
 o - 2 potions of magic
 t - 7 potions of heal wounds
 v - 2 potions of resistance

Dungeon Overview and Level Annotations

Branches:
Dungeon (12/15)            Temple (1/1) D:7            Lair (5/5) D:10
 Shoals (0/4) Lair:3        Snake (0/4) Lair:2        Slime (0/5) Lair:4
    Orc (0/2) D:9

Altars:
Ashenzari
Cheibriados
Dithmenos
Elyvilon
Fedhas
Gozag
Hepliaklqana
Kikubaaqudgha
Makhleb
Nemelex Xobeh
Okawaru
Qazlal
Ru
Sif Muna
Trog
Uskayaw
Vehumet
Wu Jian
Xom
Yredelemnul
Zin
The Shining One
Jiyva

Annotations:
D:5 3 runed translucent doors, qw's ghost, novice GrBe
D:12 3 transporters
Lair:5 2 runed translucent doors


Message History

You block the troll's attack.
The skeletal warrior hits you but does no damage.
You barely miss the troll.
The troll is almost dead.
You slash the centaur!
You kill the centaur!
Okawaru accepts your kill.
You hit the skeletal warrior. You slash the centaur!
The centaur unwields a +0 shortbow.
The centaur closely misses you. You block the centaur's attack.
You slice the troll!!
You kill the troll!
Okawaru accepts your kill.
The troll leather armour is intact enough to wear.
You hit the skeletal warrior. You hit the centaur but do no damage.
The skeletal warrior hits you but does no damage.
The centaur hits you but does no damage.
The centaur barely misses you.
You slash the centaur!
You kill the centaur!
Okawaru accepts your kill.
You hit the skeletal warrior but do no damage.
The skeletal warrior hits you from afar with a +0 halberd!
You block the skeletal warrior's attack. x2
You slash the skeletal warrior!
The skeletal warrior is moderately damaged.
You closely miss the skeletal warrior.
You block the skeletal warrior's attack.
The skeletal warrior hits you with a +0 dire flail!
The skeletal warrior hits you from afar with a +2 vorpal halberd!
The orc completely misses you.
19594 ||| READING 2 scrolls of teleportation.
As you read the scroll of teleportation, it crumbles to dust.
You feel strangely unstable.
The skeletal warrior hits you from afar with a +0 halberd!
The skeletal warrior barely misses you.
The skeletal warrior closely misses you.
You block the orc's attack.
The skeletal warrior hits you with a +0 dire flail!
You die...

...# #.........# #..# #
#.........# #..# #
#.......).# #..# #
#....<....# #..###
#.........# #.....
#..ozz....# #.....
#..z[)....# #.....
#..)@z....# #.....
#.........# #..... #..#
#.........# #..... #..#
#.........# #..... #..#
#.........# #..... #..#
#.........# #..... #..#
#.........######..... #..#
#...<.)...#^.........
#..###...........######88#


You could see 4 skeletal warriors and an orc.

Vanquished Creatures
  3 hydras
  Erica (D:8)
  2 catoblepae
  2 two-headed ogres
  A fire crab (Lair:5)
  An ugly thing (D:12)
  6 elephants (Lair:4)
  7 black mambas
  2 molten gargoyles (Lair:5)
  13 cane toads
  A torpor snail (Lair:2)
  10 komodo dragons
  2 rime drakes
  An efreet (D:12)
  A queen bee (Lair:2)
  5 trolls
  A snapping turtle (Lair:3)
  3 polar bears
  4 blink frogs
  7 dream sheep (Lair:4)
  2 shadows
  2 wraiths
  8 wyverns
  46 yaks
  7 basilisks
  2 steam dragons
  2 nagas (Lair:2)
  2 wargs (D:10)
  Menkaure (D:7)
  2 acid dragons
  13 water moccasins
  2 ice beasts
  4 hell hounds (Lair:5)
  5 orc warriors
  A sky beast (D:6)
  2 black bears
  15 wolves
  An ogre (D:4)
  6 centaurs
  2 phantoms
  3 kobold brigands
  17 bullfrogs
  A gnoll sergeant (D:7)
  4 scorpions
  A necrophage (D:5)
  6 wights
  31 killer bees
  A howler monkey (D:3)
  2 electric eels
  5 lava snakes (Lair:5)
  A crimson imp (D:6)
  4 hounds
  A jelly (D:6)
  9 orc priests
  A gnoll bouda (D:7)
  3 iguanas
  8 orc wizards
  12 adders
  5 gnolls (D:7)
  5 river rats (D:3)
  A shadow imp (D:8)
  A white imp (D:8)
  An ufetubus (D:6)
  A worm (D:4)
  6 dart slugs
  34 orcs
  5 ball pythons
  8 bats
  2 endoplasms
  4 giant cockroaches
  14 goblins
  8 hobgoblins
  8 jackals
  16 kobolds
  2 quokkas
  7 frilled lizards
  8 rats
444 creatures vanquished.

Vanquished Creatures (others)
  39 fungi
  44 plants
83 creatures vanquished.

Grand Total: 527 creatures vanquished

Notes
Turn   | Place    | Note
-------+----------+-------------------------------------------
     0 | D:1      | qw the Gargoyle Fighter began the quest for the Orb.
     0 | D:1      | Reached XP level 1. HP: 14/14 MP: 1/1
     0 | D:1      | 0 ||| qw: Version: 0.1-a-112-g44dc6cd
     0 | D:1      | 0 ||| qw: Game counter: 6792
     0 | D:1      | 0 ||| qw: Always use a shield: true
     0 | D:1      | 0 ||| qw: God list: Okawaru
     0 | D:1      | 0 ||| qw: Allow faded altars: false
     0 | D:1      | 0 ||| qw: Do Orc after D:15 true
     0 | D:1      | 0 ||| qw: Do second Lair branch before Depths: true
     0 | D:1      | 0 ||| qw: Lair rune preference: random
     0 | D:1      | 0 ||| qw: Plans: Normal, Zot, God:TSO, Crypt, Tomb, Zig,
                  | Orb
     0 | D:1      | 0 ||| PLANNING D:1-11
    81 | D:1      | Reached skill level 2 in Axes
   137 | D:1      | Reached XP level 2. HP: 19/19 MP: 2/2
   154 | D:1      | 154 ||| Stepping ~*~*~tactically~*~*~ (hiding).
   156 | D:1      | 156 ||| Stepping ~*~*~tactically~*~*~ (stealth).
   292 | D:1      | Reached skill level 3 in Axes
   296 | D:1      | Reached XP level 3. HP: 19/23 MP: 3/3
   787 | D:1      | Found a faded altar of an unknown god.
  1036 | D:1      | 1036 ||| UPGRADING to +0 pair of gloves.
  1041 | D:1      | 1041 ||| UPGRADING to +0 helmet.
  1046 | D:1      | 1046 ||| UPGRADING to +4 ring of slaying {mikee}.
  1047 | D:1      | 1047 ||| READING scroll labelled KYIJUY YSAAT.
  1048 | D:1      | 1048 ||| READING scroll labelled ISHREWNE FISTRAU.
  1169 | D:2      | 1169 ||| Stepping ~*~*~tactically~*~*~ (stealth).
  1175 | D:2      | Reached XP level 4. HP: 25/28 MP: 4/4
  1205 | D:2      | Noticed a scorpion
  1218 | D:2      | Killed a scorpion
  1219 | D:2      | Reached skill level 4 in Axes
  1219 | D:2      | Reached XP level 5. HP: 19/32 MP: 5/5
  2023 | D:2      | 2023 ||| READING scroll labelled LISE ZEVEFF.
  2028 | D:2      | 2028 ||| READING 2 scrolls labelled DAITOE ONKEWUT.
  2029 | D:2      | 2029 ||| READING scroll labelled UBONGU ENURU.
  2030 | D:2      | 2030 ||| READING scroll labelled IQESOPS ZYLECOS.
  2031 | D:2      | 2031 ||| READING scroll labelled NOOWOS DILOC.
  2032 | D:2      | 2032 ||| READING scroll labelled TOYSMA VEBA.
  2033 | D:2      | 2033 ||| READING 3 scrolls of identify.
  2033 | D:2      | 2033 ||| IDENTIFYING silvery potion
  2034 | D:2      | 2034 ||| READING 2 scrolls of identify.
  2034 | D:2      | 2034 ||| IDENTIFYING yellow potion
  2035 | D:2      | 2035 ||| DROPPING scroll of magic mapping.
  2036 | D:2      | 2036 ||| DROPPING potion of brilliance.
  2042 | D:3      | 2042 ||| PLANNING SEWER
  2077 | D:3      | Reached skill level 5 in Axes
  2095 | D:3      | 2095 ||| FLEEEEING.
  2096 | D:3      | 2096 ||| FLEEEEING.
  2097 | D:3      | 2097 ||| FLEEEEING.
  2098 | D:3      | 2098 ||| FLEEEEING.
  2099 | D:3      | 2099 ||| FLEEEEING.
  2101 | D:3      | 2101 ||| STAIRDANCE
  2285 | D:3      | 2285 ||| Stepping ~*~*~tactically~*~*~ (hiding).
  2287 | D:3      | Reached XP level 6. HP: 38/38 MP: 6/6
  2392 | D:3      | Found an ancient bone altar of Kikubaaqudgha.
  2491 | D:3      | Reached skill level 1 in Dodging
  2638 | D:3      | 2638 ||| RIP SEWER
  2651 | D:3      | 2651 ||| PLANNING D:1-11
  2728 | D:3      | Found a glowing golden altar of the Shining One.
  2739 | D:3      | 2739 ||| Stepping ~*~*~tactically~*~*~ (hiding).
  2755 | D:3      | 2755 ||| Stepping ~*~*~tactically~*~*~ (stealth).
  2756 | D:3      | 2756 ||| Stepping ~*~*~tactically~*~*~ (stealth).
  2956 | D:3      | 2956 ||| Stepping ~*~*~tactically~*~*~ (hiding).
  3397 | D:3      | 3397 ||| UPGRADING to scarf of repulsion.
  3402 | D:3      | 3402 ||| UPGRADING to +4 ring of evasion.
  3403 | D:3      | 3403 ||| READING scroll labelled NOGEEL XEACK.
  3404 | D:3      | 3404 ||| READING 2 scrolls of identify.
  3404 | D:3      | 3404 ||| IDENTIFYING lumpy brown potion
  3405 | D:3      | 3405 ||| DROPPING potion of flight.
  3480 | D:4      | Found a white marble altar of Elyvilon.
  3545 | D:4      | Noticed a black bear
  3553 | D:4      | Killed a black bear
  3554 | D:4      | Reached skill level 6 in Axes
  3554 | D:4      | Reached XP level 7. HP: 43/43 MP: 7/7
  3569 | D:4      | 3569 ||| Stepping ~*~*~tactically~*~*~ (stealth).
  3607 | D:4      | Found a sacrificial altar of Ru.
  3777 | D:4      | 3777 ||| Stepping ~*~*~tactically~*~*~ (stealth).
  3960 | D:4      | Identified the +1 chain mail of the Heavens {*Slow Fly
                  | Int+2 Dex+4}
  4089 | D:4      | 4089 ||| UPGRADING to +0 chain mail.
  4099 | D:4      | 4099 ||| DROPPING +0 scale mail.
  4100 | D:4      | 4100 ||| UPGRADING to +1 chain mail of the Heavens {*Slow
                  | Fly Int+2 Dex+4}.
  4110 | D:4      | 4110 ||| DROPPING +0 chain mail.
  4111 | D:4      | 4111 ||| DROPPING amulet of faith.
  4112 | D:4      | 4112 ||| READING scroll labelled SISUMU DEQESS.
  4113 | D:4      | 4113 ||| READING 3 scrolls of identify.
  4113 | D:4      | 4113 ||| IDENTIFYING blue potion
  4114 | D:4      | 4114 ||| READING 2 scrolls of identify.
  4114 | D:4      | 4114 ||| IDENTIFYING clear potion
  4115 | D:4      | 4115 ||| DROPPING potion of degeneration.
  4116 | D:4      | 4116 ||| DROPPING potion of invisibility.
  4134 | D:5      | Entered Level 5 of the Dungeon
  4155 | D:5      | Reached skill level 7 in Axes
  4189 | D:5      | 4189 ||| SWAPPING to +0 broad axe.
  4192 | D:5      | 4192 ||| Stepping ~*~*~tactically~*~*~ (stealth).
  4195 | D:5      | 4195 ||| DROPPING +1 war axe.
  4442 | D:5      | 4442 ||| DROPPING +0 whip.
  4522 | D:5      | Reached skill level 1 in Throwing
  4524 | D:5      | Reached XP level 8. HP: 29/49 MP: 8/8
  4672 | D:5      | Found a runed translucent gate.
  4672 | D:5      | Found a runed translucent gate.
  4673 | D:5      | Found a runed translucent gate.
  4675 | D:5      | Noticed qw's ghost (novice GrBe)
  4684 | D:5      | Identified the ring "Qijeshr Vuit" {rF- Str+6 Dex+5}
  5086 | D:5      | Found a hazy altar of Hepliaklqana.
  5741 | D:5      | 5741 ||| UPGRADING to +0 pair of boots.
  5746 | D:5      | 5746 ||| READING scroll labelled WOSCHU BYCWUO.
  5747 | D:5      | 5747 ||| READING scroll labelled ORARIHOTOM.
  5748 | D:5      | 5748 ||| DRINKING 3 murky silvery potions.
  5780 | D:6      | 5780 ||| STAIRDANCE
  5984 | D:6      | Reached skill level 8 in Axes
  6431 | D:6      | Found a burning altar of Makhleb.
  6433 | D:6      | 6433 ||| Stepping ~*~*~tactically~*~*~ (hiding).
  6439 | D:6      | Reached skill level 6 in Fighting
  6503 | D:7      | 6503 ||| Stepping ~*~*~tactically~*~*~ (hiding).
  6520 | D:7      | 6520 ||| FLEEEEING.
  6521 | D:7      | 6521 ||| FLEEEEING.
  6522 | D:7      | 6522 ||| FLEEEEING.
  6523 | D:7      | 6523 ||| FLEEEEING.
  6526 | D:7      | 6526 ||| FLEEEEING.
  6531 | D:7      | 6531 ||| FLEEEEING.
  6533 | D:7      | 6533 ||| FLEEEEING.
  6534 | D:7      | 6534 ||| STAIRDANCE
  6662 | D:7      | Reached XP level 9. HP: 55/55 MP: 9/9
  6826 | D:7      | Reached skill level 9 in Axes
  6888 | D:7      | 6888 ||| DROPPING +0 flail.
  6911 | D:7      | Noticed a two-headed ogre
  6923 | D:7      | Killed a two-headed ogre
  7076 | D:7      | 7076 ||| READING scroll of enchant weapon.
  7076 | D:7      | 7076 ||| ENCHANTING +0 broad axe.
  7094 | D:7      | Found a staircase to the Ecumenical Temple.
  7095 | D:7      | 7095 ||| PLANNING TEMPLE
  7095 | D:7      | 7095 ||| READING 2 scrolls of identify.
  7095 | D:7      | 7095 ||| IDENTIFYING black potion
  7101 | Temple   | Entered the Ecumenical Temple
  7118 | Temple   | Became a worshipper of Warmaster Okawaru
  7197 | Temple   | 7197 ||| PLANNING D:1-11
  7440 | D:7      | Noticed Menkaure
  7443 | D:7      | 7443 ||| Stepping ~*~*~tactically~*~*~ (hiding).
  7445 | D:7      | 7445 ||| Stepping ~*~*~tactically~*~*~ (hiding).
  7448 | D:7      | Killed Menkaure
  7822 | D:7      | Found a glowing silver altar of Zin.
  7940 | D:7      | 7940 ||| DROPPING amulet of guardian spirit.
  7941 | D:7      | 7941 ||| READING 2 scrolls of identify.
  7941 | D:7      | 7941 ||| IDENTIFYING viscous clear potion
  7942 | D:7      | 7942 ||| DROPPING potion of ambrosia.
  8121 | D:8      | 8121 ||| Stepping ~*~*~tactically~*~*~ (stealth).
  8122 | D:8      | 8122 ||| Stepping ~*~*~tactically~*~*~ (stealth).
  8122 | D:8      | Noticed Erica
  8125 | D:8      | 8125 ||| DRINKING 7 potions of curing.
  8125 | D:8      | 8125 ||| (to cure confusion)
  8126 | D:8      | 8126 ||| DRINKING 6 potions of curing.
  8126 | D:8      | 8126 ||| (to cure confusion)
  8129 | D:8      | 8129 ||| FLEEEEING.
  8135 | D:8      | Killed Erica
  8135 | D:8      | Reached * piety under Okawaru
  8136 | D:8      | Reached skill level 10 in Axes
  8136 | D:8      | Reached XP level 10. HP: 20/63 MP: 10/10
  8136 | D:8      | 8136 ||| INVOKING Heroism.
  8472 | D:8      | 8472 ||| Stepping ~*~*~tactically~*~*~ (stealth).
  8477 | D:8      | Reached skill level 1 in Invocations
  8478 | D:8      | 8478 ||| Stepping ~*~*~tactically~*~*~ (stealth).
  8508 | D:8      | 8508 ||| Stepping ~*~*~tactically~*~*~ (stealth).
  8515 | D:8      | 8515 ||| INVOKING Heroism.
  8719 | D:8      | 8719 ||| Stepping ~*~*~tactically~*~*~ (cloud).
  8720 | D:8      | 8720 ||| Stepping ~*~*~tactically~*~*~ (cloud).
  8738 | D:8      | 8738 ||| INVOKING Heroism.
  8740 | D:8      | 8740 ||| Stepping ~*~*~tactically~*~*~ (cloud).
  8742 | D:8      | 8742 ||| Stepping ~*~*~tactically~*~*~ (cloud).
  8747 | D:8      | 8747 ||| Stepping ~*~*~tactically~*~*~ (cloud).
  8871 | D:8      | 8871 ||| READING 2 scrolls of identify.
  8871 | D:8      | 8871 ||| IDENTIFYING purple potion
  9063 | D:9      | 9063 ||| Stepping ~*~*~tactically~*~*~ (stealth).
  9065 | D:9      | 9065 ||| Stepping ~*~*~tactically~*~*~ (stealth).
  9073 | D:9      | 9073 ||| Stepping ~*~*~tactically~*~*~ (stealth).
  9075 | D:9      | 9075 ||| Stepping ~*~*~tactically~*~*~ (hiding).
  9077 | D:9      | 9077 ||| Stepping ~*~*~tactically~*~*~ (hiding).
  9193 | D:9      | Identified the +1 leather armour "Ihaettim" {-Tele rPois
                  | rF+ Int+9}
  9255 | D:9      | 9255 ||| INVOKING Heroism.
  9264 | D:9      | Reached skill level 3 in Invocations
  9405 | D:9      | 9405 ||| Stepping ~*~*~tactically~*~*~ (stealth).
  9449 | D:9      | 9449 ||| INVOKING Heroism.
  9458 | D:9      | Reached ** piety under Okawaru
  9587 | D:9      | Found a staircase to the Orcish Mines.
  9595 | D:9      | 9595 ||| Stepping ~*~*~tactically~*~*~ (hiding).
  9596 | D:9      | 9596 ||| Stepping ~*~*~tactically~*~*~ (hiding).
  9597 | D:9      | 9597 ||| Stepping ~*~*~tactically~*~*~ (stealth).
  9599 | D:9      | 9599 ||| Stepping ~*~*~tactically~*~*~ (stealth).
  9603 | D:9      | 9603 ||| INVOKING Heroism.
  9660 | D:9      | 9660 ||| DROPPING +5 flail.
  9791 | D:9      | Noticed a two-headed ogre
  9792 | D:9      | 9792 ||| INVOKING Heroism.
  9802 | D:9      | Killed a two-headed ogre
 10047 | D:9      | 10047 ||| READING scroll labelled MECYMU VIUG.
 10080 | D:10     | Entered Level 10 of the Dungeon
 10081 | D:10     | 10081 ||| Stepping ~*~*~tactically~*~*~ (hiding).
 10082 | D:10     | 10082 ||| INVOKING Heroism.
 10084 | D:10     | Found an opulent altar of Gozag.
 10091 | D:10     | Reached skill level 11 in Axes
 10219 | D:10     | 10219 ||| INVOKING Heroism.
 10371 | D:10     | 10371 ||| Stepping ~*~*~tactically~*~*~ (stealth).
 10381 | D:10     | 10381 ||| Stepping ~*~*~tactically~*~*~ (stealth).
 10456 | D:10     | 10456 ||| Stepping ~*~*~tactically~*~*~ (stealth).
 10458 | D:10     | 10458 ||| Stepping ~*~*~tactically~*~*~ (stealth).
 10460 | D:10     | 10460 ||| INVOKING Heroism.
 10468 | D:10     | Reached XP level 11. HP: 69/69 MP: 11/14
 10521 | D:10     | 10521 ||| INVOKING Heroism.
 10526 | D:10     | Reached skill level 9 in Fighting
 10627 | D:10     | Found a staircase to the Lair.
 10631 | D:10     | Reached *** piety under Okawaru
 10634 | D:10     | 10634 ||| Stepping ~*~*~tactically~*~*~ (hiding).
 10635 | D:10     | 10635 ||| Stepping ~*~*~tactically~*~*~ (hiding).
 10636 | D:10     | 10636 ||| INVOKING Heroism.
 10639 | D:10     | 10639 ||| Stepping ~*~*~tactically~*~*~ (hiding).
 10640 | D:10     | 10640 ||| Stepping ~*~*~tactically~*~*~ (hiding).
 10671 | D:10     | 10671 ||| Stepping ~*~*~tactically~*~*~ (hiding).
 10672 | D:10     | 10672 ||| Stepping ~*~*~tactically~*~*~ (hiding).
 10673 | D:10     | 10673 ||| Stepping ~*~*~tactically~*~*~ (hiding).
 10674 | D:10     | 10674 ||| Stepping ~*~*~tactically~*~*~ (hiding).
 10681 | D:10     | 10681 ||| INVOKING Heroism.
 11132 | D:10     | 11132 ||| PLANNING LAIR
 11132 | D:10     | 11132 ||| READING scroll labelled VUUD YLAISKUHU.
 11133 | D:10     | 11133 ||| READING 2 scrolls of identify.
 11133 | D:10     | 11133 ||| IDENTIFYING cyan potion
 11162 | Lair:1   | Entered Level 1 of the Lair of Beasts
 11163 | Lair:1   | 11163 ||| INVOKING Heroism.
 11178 | Lair:1   | Reached skill level 12 in Axes
 11263 | Lair:1   | 11263 ||| INVOKING Heroism.
 11277 | Lair:1   | 11277 ||| INVOKING Heroism.
 11329 | Lair:1   | Noticed a catoblepas
 11330 | Lair:1   | 11330 ||| Stepping ~*~*~tactically~*~*~ (stealth).
 11331 | Lair:1   | 11331 ||| Stepping ~*~*~tactically~*~*~ (stealth).
 11333 | Lair:1   | 11333 ||| INVOKING Heroism.
 11340 | Lair:1   | Killed a catoblepas
 11340 | Lair:1   | Reached **** piety under Okawaru
 11341 | Lair:1   | Reached skill level 6 in Shields
 11661 | Lair:1   | 11661 ||| INVOKING Heroism.
 11672 | Lair:1   | Reached skill level 3 in Dodging
 11757 | Lair:1   | 11757 ||| READING scroll of enchant weapon.
 11757 | Lair:1   | 11757 ||| ENCHANTING +1 broad axe.
 11808 | Lair:1   | 11808 ||| INVOKING Heroism.
 11815 | Lair:1   | Reached skill level 6 in Invocations
 11854 | Lair:1   | 11854 ||| INVOKING Heroism.
 12053 | Lair:1   | 12053 ||| DRINKING 2 red potions.
 12110 | Lair:2   | 12110 ||| INVOKING Heroism.
 12236 | Lair:2   | 12236 ||| INVOKING Heroism.
 12439 | Lair:2   | Identified the +0 scale mail "Haruhadiaf" {Will+ Dex+7}
 12459 | Lair:2   | 12459 ||| INVOKING Heroism.
 12481 | Lair:2   | Noticed a four-headed hydra
 12482 | Lair:2   | 12482 ||| INVOKING Heroism.
 12486 | Lair:2   | 12486 ||| SWAPPING to +0 morningstar.
 12489 | Lair:2   | 12489 ||| Stepping ~*~*~tactically~*~*~ (outnumbered).
 12499 | Lair:2   | Killed a four-headed hydra
 12500 | Lair:2   | Reached XP level 12. HP: 45/76 MP: 17/17
 12500 | Lair:2   | 12500 ||| SWAPPING to +2 broad axe.
 12657 | Lair:2   | Reached ***** piety under Okawaru
 12667 | Lair:2   | 12667 ||| FLEEEEING.
 12668 | Lair:2   | 12668 ||| FLEEEEING.
 12735 | Lair:2   | Found a staircase to the Snake Pit.
 12796 | Lair:2   | 12796 ||| READING scroll of enchant weapon.
 12796 | Lair:2   | 12796 ||| ENCHANTING +2 broad axe.
 12828 | Lair:2   | 12828 ||| Stepping ~*~*~tactically~*~*~ (stealth).
 12830 | Lair:2   | 12830 ||| INVOKING Heroism.
 12847 | Lair:2   | 12847 ||| INVOKING Heroism.
 12940 | Lair:2   | 12940 ||| Stepping ~*~*~tactically~*~*~ (stealth).
 13171 | Lair:2   | 13171 ||| Stepping ~*~*~tactically~*~*~ (stealth).
 13182 | Lair:2   | 13182 ||| INVOKING Heroism.
 13230 | Lair:2   | 13230 ||| Stepping ~*~*~tactically~*~*~ (stealth).
 13242 | Lair:2   | 13242 ||| Stepping ~*~*~tactically~*~*~ (stealth).
 13252 | Lair:2   | 13252 ||| Stepping ~*~*~tactically~*~*~ (stealth).
 13270 | Lair:2   | 13270 ||| INVOKING Heroism.
 13284 | Lair:2   | 13284 ||| Stepping ~*~*~tactically~*~*~ (stealth).
 13390 | Lair:2   | 13390 ||| Stepping ~*~*~tactically~*~*~ (stealth).
 13400 | Lair:2   | Reached skill level 9 in Invocations
 13499 | Lair:2   | 13499 ||| Stepping ~*~*~tactically~*~*~ (hiding).
 13505 | Lair:2   | Received a gift from Okawaru
 13980 | Lair:2   | 13980 ||| UPGRADING to +2 pair of gloves of hurling.
 13990 | Lair:2   | 13990 ||| DROPPING +0 pair of gloves.
 13991 | Lair:2   | 13991 ||| READING scroll labelled EBOL KURROQOBO.
 14102 | Lair:3   | 14102 ||| INVOKING Heroism.
 14104 | Lair:3   | 14104 ||| STAIRDANCE
 14116 | Lair:3   | 14116 ||| STAIRDANCE
 14136 | Lair:3   | 14136 ||| STAIRDANCE
 14348 | Lair:3   | 14348 ||| Stepping ~*~*~tactically~*~*~ (stealth).
 14354 | Lair:3   | 14354 ||| Stepping ~*~*~tactically~*~*~ (stealth).
 14427 | Lair:3   | 14427 ||| INVOKING Heroism.
 14526 | Lair:3   | 14526 ||| INVOKING Heroism.
 14527 | Lair:3   | 14527 ||| Stepping ~*~*~tactically~*~*~ (stealth).
 14529 | Lair:3   | 14529 ||| Stepping ~*~*~tactically~*~*~ (stealth).
 14551 | Lair:3   | 14551 ||| Stepping ~*~*~tactically~*~*~ (stealth).
 14568 | Lair:3   | Reached skill level 13 in Axes
 14568 | Lair:3   | 14568 ||| Stepping ~*~*~tactically~*~*~ (stealth).
 14571 | Lair:3   | 14571 ||| INVOKING Heroism.
 14822 | Lair:3   | 14822 ||| Stepping ~*~*~tactically~*~*~ (stealth).
 14823 | Lair:3   | 14823 ||| Stepping ~*~*~tactically~*~*~ (stealth).
 14827 | Lair:3   | 14827 ||| Stepping ~*~*~tactically~*~*~ (stealth).
 14834 | Lair:3   | 14834 ||| INVOKING Heroism.
 14838 | Lair:3   | Reached XP level 13. HP: 73/82 MP: 17/20
 15230 | Lair:3   | Found a staircase to the Shoals.
 15231 | Lair:3   | 15231 ||| Stepping ~*~*~tactically~*~*~ (hiding).
 15240 | Lair:3   | 15240 ||| INVOKING Heroism.
 15246 | Lair:3   | HP: 13/82 [snapping turtle (10)]
 15247 | Lair:3   | 15247 ||| READING 2 scrolls of teleportation.
 15248 | Lair:3   | 15248 ||| DRINKING 7 potions of heal wounds.
 15502 | Lair:3   | 15502 ||| Stepping ~*~*~tactically~*~*~ (stealth).
 15504 | Lair:3   | 15504 ||| Stepping ~*~*~tactically~*~*~ (hiding).
 15539 | Lair:3   | 15539 ||| READING 4 scrolls of identify.
 15539 | Lair:3   | 15539 ||| IDENTIFYING inky potion
 15540 | Lair:3   | 15540 ||| DROPPING potion of berserk rage.
 15605 | Lair:4   | 15605 ||| INVOKING Heroism.
 15741 | Lair:4   | 15741 ||| INVOKING Heroism.
 15747 | Lair:4   | Reached skill level 14 in Axes
 15760 | Lair:4   | Reached skill level 9 in Armour
 15786 | Lair:4   | 15786 ||| FLEEEEING.
 15787 | Lair:4   | 15787 ||| FLEEEEING.
 15788 | Lair:4   | 15788 ||| FLEEEEING.
 15789 | Lair:4   | 15789 ||| STAIRDANCE
 15947 | Lair:4   | 15947 ||| INVOKING Heroism.
 16203 | Lair:4   | Found a viscous altar of Jiyva.
 16205 | Lair:4   | Found a staircase to the Slime Pits.
 16246 | Lair:4   | 16246 ||| Stepping ~*~*~tactically~*~*~ (stealth).
 16248 | Lair:4   | 16248 ||| Stepping ~*~*~tactically~*~*~ (stealth).
 16250 | Lair:4   | 16250 ||| INVOKING Heroism.
 16486 | Lair:5   | Entered Level 5 of the Lair of Beasts
 16501 | Lair:5   | 16501 ||| INVOKING Heroism.
 16573 | Lair:5   | Received a gift from Okawaru
 16577 | Lair:5   | 16577 ||| Stepping ~*~*~tactically~*~*~ (stealth).
 16578 | Lair:5   | 16578 ||| Stepping ~*~*~tactically~*~*~ (stealth).
 16580 | Lair:5   | 16580 ||| INVOKING Heroism.
 16583 | Lair:5   | 16583 ||| SWAPPING to +0 morningstar.
 16584 | Lair:5   | 16584 ||| INVOKING Finesse.
 16585 | Lair:5   | 16585 ||| SWAPPING to +3 broad axe.
 16586 | Lair:5   | 16586 ||| SWAPPING to +0 morningstar.
 16595 | Lair:5   | 16595 ||| SWAPPING to +3 broad axe.
 16811 | Lair:5   | 16811 ||| INVOKING Heroism.
 16824 | Lair:5   | 16824 ||| INVOKING Finesse.
 16927 | Lair:5   | 16927 ||| INVOKING Heroism.
 16928 | Lair:5   | 16928 ||| Stepping ~*~*~tactically~*~*~ (stealth).
 16932 | Lair:5   | 16932 ||| Stepping ~*~*~tactically~*~*~ (stealth).
 16993 | Lair:5   | 16993 ||| Stepping ~*~*~tactically~*~*~ (cloud).
 16998 | Lair:5   | 16998 ||| READING scroll labelled NATREI ESIYJIO.
 16999 | Lair:5   | 16999 ||| Stepping randomly (cloudy).
 17002 | Lair:5   | 17002 ||| FLEEEEING.
 17003 | Lair:5   | 17003 ||| FLEEEEING.
 17004 | Lair:5   | 17004 ||| FLEEEEING.
 17005 | Lair:5   | 17005 ||| FLEEEEING.
 17006 | Lair:5   | 17006 ||| FLEEEEING.
 17007 | Lair:5   | 17007 ||| FLEEEEING.
 17008 | Lair:5   | 17008 ||| FLEEEEING.
 17009 | Lair:5   | 17009 ||| FLEEEEING.
 17010 | Lair:5   | 17010 ||| FLEEEEING.
 17011 | Lair:5   | 17011 ||| FLEEEEING.
 17012 | Lair:5   | 17012 ||| FLEEEEING.
 17013 | Lair:5   | 17013 ||| FLEEEEING.
 17014 | Lair:5   | 17014 ||| FLEEEEING.
 17022 | Lair:5   | 17022 ||| FLEEEEING.
 17023 | Lair:5   | 17023 ||| FLEEEEING.
 17024 | Lair:5   | 17024 ||| FLEEEEING.
 17025 | Lair:5   | 17025 ||| FLEEEEING.
 17026 | Lair:5   | 17026 ||| FLEEEEING.
 17032 | Lair:5   | 17032 ||| FLEEEEING.
 17033 | Lair:5   | 17033 ||| FLEEEEING.
 17036 | Lair:5   | 17036 ||| STAIRDANCE
 17092 | Lair:4   | 17092 ||| UPGRADING to +0 hat of see invisible.
 17104 | Lair:5   | 17104 ||| Stepping randomly (cloudy).
 17105 | Lair:5   | 17105 ||| Stepping ~*~*~tactically~*~*~ (cloud).
 17112 | Lair:5   | 17112 ||| INVOKING Heroism.
 17117 | Lair:5   | Reached skill level 15 in Axes
 17245 | Lair:5   | 17245 ||| FLEEEEING.
 17247 | Lair:5   | 17247 ||| STAIRDANCE
 17334 | Lair:5   | 17334 ||| STAIRDANCE
 17443 | Lair:5   | 17443 ||| Stepping ~*~*~tactically~*~*~ (stealth).
 17445 | Lair:5   | 17445 ||| Stepping ~*~*~tactically~*~*~ (hiding).
 17561 | Lair:5   | 17561 ||| INVOKING Heroism.
 17564 | Lair:5   | 17564 ||| SWAPPING to +0 morningstar.
 17572 | Lair:5   | 17572 ||| SWAPPING to +3 broad axe.
 17748 | Lair:5   | Found a large runed translucent door.
 17748 | Lair:5   | Found a large runed translucent door.
 17751 | Lair:5   | 17751 ||| INVOKING Heroism.
 17833 | Lair:5   | 17833 ||| FLEEEEING.
 17833 | Lair:5   | Noticed a fire dragon
 17834 | Lair:5   | 17834 ||| FLEEEEING.
 17835 | Lair:5   | 17835 ||| FLEEEEING.
 17836 | Lair:5   | 17836 ||| FLEEEEING.
 17901 | Lair:5   | 17901 ||| Stepping ~*~*~tactically~*~*~ (stealth).
 17907 | Lair:5   | 17907 ||| INVOKING Heroism.
 17912 | Lair:5   | Reached skill level 12 in Fighting
 18021 | Lair:5   | 18021 ||| Stepping ~*~*~tactically~*~*~ (stealth).
 18061 | Lair:5   | 18061 ||| Stepping ~*~*~tactically~*~*~ (stealth).
 18071 | Lair:5   | 18071 ||| INVOKING Heroism.
 18077 | Lair:5   | 18077 ||| Stepping ~*~*~tactically~*~*~ (cloud).
 18092 | Lair:5   | 18092 ||| Stepping ~*~*~tactically~*~*~ (hiding).
 18094 | Lair:5   | 18094 ||| Stepping ~*~*~tactically~*~*~ (hiding).
 18106 | Lair:5   | Gained mutation: Your large and strong wings let you fly.
                  | [Gargoyle growth]
 18106 | Lair:5   | Reached XP level 14. HP: 53/92 MP: 21/21
 18426 | Lair:5   | 18426 ||| PLANNING D:1-11
 18426 | Lair:5   | 18426 ||| UPGRADING to +0 plate armour.
 18436 | Lair:5   | 18436 ||| DROPPING +1 chain mail of the Heavens {*Slow Fly
                  | Int+2 Dex+4}.
 18576 | D:11     | 18576 ||| Stepping ~*~*~tactically~*~*~ (hiding).
 18646 | D:11     | 18646 ||| Stepping ~*~*~tactically~*~*~ (stealth).
 18890 | D:11     | 18890 ||| Stepping ~*~*~tactically~*~*~ (stealth).
 18893 | D:11     | 18893 ||| INVOKING Heroism.
 18993 | D:11     | Found a glowing golden altar of the Shining One.
 19198 | D:11     | 19198 ||| PLANNING D
 19212 | D:12     | Found an ornate altar of the Wu Jian Council.
 19212 | D:12     | Found a transporter.
 19285 | D:12     | Found a transporter.
 19292 | D:12     | Found a transporter.
 19334 | D:12     | 19334 ||| Stepping ~*~*~tactically~*~*~ (stealth).
 19335 | D:12     | 19335 ||| Stepping ~*~*~tactically~*~*~ (stealth).
 19337 | D:12     | 19337 ||| Stepping ~*~*~tactically~*~*~ (stealth).
 19339 | D:12     | 19339 ||| Stepping ~*~*~tactically~*~*~ (stealth).
 19350 | D:12     | 19350 ||| Stepping ~*~*~tactically~*~*~ (stealth).
 19352 | D:12     | 19352 ||| FLEEEEING.
 19353 | D:12     | 19353 ||| FLEEEEING.
 19358 | D:12     | 19358 ||| FLEEEEING.
 19359 | D:12     | 19359 ||| FLEEEEING.
 19360 | D:12     | 19360 ||| FLEEEEING.
 19361 | D:12     | 19361 ||| FLEEEEING.
 19362 | D:12     | 19362 ||| FLEEEEING.
 19363 | D:12     | 19363 ||| FLEEEEING.
 19364 | D:12     | 19364 ||| FLEEEEING.
 19365 | D:12     | 19365 ||| FLEEEEING.
 19377 | D:12     | 19377 ||| FLEEEEING.
 19378 | D:12     | 19378 ||| STAIRDANCE
 19574 | D:12     | 19574 ||| INVOKING Heroism.
 19593 | D:12     | HP: 23/92 [skeletal warrior/+2 vorpal halberd (9)]
 19594 | D:12     | 19594 ||| READING 2 scrolls of teleportation.
 19594 | D:12     | HP: 7/92 [skeletal warrior/+0 halberd (15)]
 19594 | D:12     | Slain by a skeletal warrior

Levels and vault maps discovered:
D:1:      heliophobic_arrival_ceremonial_halls, layout_basic,
          chequers_ecumenical_altar_island
D:2:      layout_loops_ring
D:3:      layout_loops_ring, mainiacjoe_overflow_large_starburst,
          lightli_sewer_entry_pipes, minivault_5
D:4:      layout_gridville, old_standard_altar, lemuel_round_altar
D:5:      layout_loops_corners, nicolae_hepliaklqana_hazy_memory,
          gammafunk_ghost_necromancy, minivault_27
D:6:      layout_basic, makhleb_grotto_becter, serial_aquarium,
          aquarium_bridge_square [aquarium_subvault_bridge,
          aquarium_subvault_balcony, aquarium_subvault_window,
          aquarium_subvault_bridge], aquarium_window_corner, aquarium_window_2,
          aquarium_window_corner, aquarium_window_1, aquarium_view_2f,
          minmay_misc_feat_roman, minivault_11
D:7:      layout_basic, zin_treasury, minmay_temple_entry_waves, enter_bailey_2,
          minmay_diced_spiral, uniq_menkaure
D:8:      layout_basic, uniq_erica
D:9:      layout_irregular_city, minmay_orc_entry_temple_small
D:10:     layout_long_grid, nicolae_gozag_seed_capital,
          erik_lair_orcish_takeover
D:11:     layout_long_grid, tso_oasis_becter
D:12:     dreamdust_wu_jian_sword_trials, layout_long_grid, special_room
          [special_room_orc], nzn_random_ring, uniq_rupert
Temple:   eino_temple_water
Lair:1:   layout_regular_city
Lair:2:   layout_cave_pods, guppyfry_snake_entry_island, special_room
          [special_room_bee]
Lair:3:   layout_cave_pods, minmay_shoals_entry_hut, minmay_holes,
          chequers_serial_rivers_micro_e, st_stairs_4, lemuel_fruit_fields,
          infiniplex_staircase_pool
Lair:4:   layout_gridlike, slime_entry_1, guppyfry_lair_drakes
Lair:5:   cheibrodos_lair_end_hotspot, layout_loops_ring,
          nicolae_lair_grazing_beasts [nicolae_sub_lair_graze_edge,
          nicolae_sub_lair_graze_edge, nicolae_sub_lair_graze_edge,
          nicolae_sub_lair_graze_edge]

Skill      XL: |  1  2  3  4  5  6  7  8  9 10 11 12 13 14 |
---------------+-------------------------------------------+-----
Axes           | 2 3 4 5 6 7 8 10 11 12 13 15 | 15.2
Fighting       | 4 5 6 7 8 9 10 12 | 12.0
Dodging        | 1 2 3 |  3.0
Throwing       | 1 |  1.3
Armour         | 4 7 8 9 10 | 10.0
Shields        | 4 5 6 7 |  7.3
Invocations    | 4 7 10 | 10.0

Action                   |  1- 3 |  4- 6 |  7- 9 | 10-12 | 13-15 || total
-------------------------+-------+-------+-------+-------+-------++-------
Melee: War axe           |   114 |   136 |    34 |       |       ||   284
       Broad axe         |       |       |   169 |   518 |   414 ||  1101
       Morningstar       |       |       |       |    11 |    14 ||    25
Throw: Boomerang         |       |    35 |    19 |    29 |       ||    83
Invok: Heroism           |       |       |       |    33 |    16 ||    49
       Finesse           |       |       |       |       |     2 ||     2
  Use: Scroll            |     2 |    10 |     8 |     7 |     4 ||    31
       Potion            |       |       |     3 |     1 |     1 ||     5
 Stab: Distracted        |       |       |       |       |     1 ||     1
Armor: Scale mail        |    93 |    56 |    11 |       |       ||   160
       Chain mail        |       |       |    73 |   228 |   120 ||   421
       Plate armour      |       |       |       |       |    51 ||    51
Dodge: Dodged            |    72 |    54 |    93 |   314 |   210 ||   743
       Repelled          |       |       |       |     1 |     5 ||     6
Block: Buckler           |    32 |    21 |    27 |   158 |    93 ||   331

Table legend:
 A = Non-vault XP
 B = Vault XP
 C = Vault XP percentage of total XP
 D = Non-vault monster count
 E = Vault monster count
 F = Vault count percentage of total count
                 A         B        C        D         E       F
            +---------+---------+-------+---------+---------+-------
      Total |   46477 |   12469 |  21.2 |     344 |     100 |  22.5
            +---------+---------+-------+---------+---------+-------
        D:1 |      65 |       0 |   0.0 |      36 |       0 |   0.0
        D:2 |     161 |       0 |   0.0 |      23 |       0 |   0.0
        D:3 |     155 |     108 |  41.1 |      19 |      11 |  36.7
        D:4 |     346 |       0 |   0.0 |      16 |       0 |   0.0
        D:5 |     701 |       0 |   0.0 |      20 |       0 |   0.0
        D:6 |     452 |      48 |   9.6 |       7 |       1 |  12.5
        D:7 |    1755 |     336 |  16.1 |      20 |       4 |  16.7
        D:8 |     742 |     732 |  49.7 |      10 |       1 |   9.1
        D:9 |    2322 |     268 |  10.3 |      17 |      12 |  41.4
       D:10 |    2058 |     525 |  20.3 |      17 |       7 |  29.2
       D:11 |    2203 |       0 |   0.0 |      15 |       0 |   0.0
       D:12 |    2182 |     190 |   8.0 |      10 |       5 |  33.3
     Lair:1 |    5819 |       0 |   0.0 |      23 |       0 |   0.0
     Lair:2 |    7437 |    2253 |  23.3 |      32 |      29 |  47.5
     Lair:3 |    6156 |     545 |   8.1 |      29 |       2 |   6.5
     Lair:4 |    8945 |     281 |   3.0 |      30 |       2 |   6.2
     Lair:5 |    4978 |    7183 |  59.1 |      20 |      26 |  56.5
            +---------+---------+-------+---------+---------+-------
